 Dungeon Crawl Stone Soup version 0.19-a0-682-g708bd0e (webtiles) character file.

6268 Magifyre the Thaumaturge (level 10, -24/50 HPs)
             Began as a Deep Elf Summoner on June 17, 2016.
             Was a Believer of Sif Muna.
             Hit by a large rock thrown by a cyclops (35 damage)
             ... on level 10 of the Dungeon.
             The game lasted 01:47:26 (15634 turns).

Magifyre the Thaumaturge (Deep Elf Summoner)       Turns: 15634, Time: 01:47:27

Health: -24/50     AC:  7    Str:  5    XL:     10   Next: 62%
Magic:  27/29      EV: 13    Int: 24    God:    Sif Muna [**....]
Gold:   455        SH:  5    Dex: 15    Spells: 6 memorised, 19 levels left

rFire  + . .     SeeInvis +     S - staff of fire
rCold  . . .     Gourm    +     H - +3 robe of Leuzxaot {rPois}
rNeg   . . .     Faith    .     L - +0 buckler
rPois  +         Spirit   .     u - +0 helmet
rElec  .         Dismiss  .     D - +0 cloak
rCorr  .         Reflect  .     f - -1 pair of gloves
SustAt .         Harm     .     (no boots)
MR     +....                    v - amulet of the gourmand
Stlth  +++.......               C - ring of see invisible
                                o - ring of stealth

@: somewhat resistant to hostile enchantments, fairly stealthy
A: no striking features
a: Channel Energy, Renounce Religion


You were on level 10 of the Dungeon.
You worshipped Sif Muna.
Sif Muna was pleased with you.
You were completely stuffed.

You visited 3 branches of the dungeon, and saw 12 of its levels.
You also visited: Ossuary.

You collected 455 gold pieces.

Inventory:

Hand Weapons
 Q - a +2 glaive of protection
Armour
 f - a -1 pair of gloves (worn)
 p - a +1 robe of cold resistance
 u - a +0 helmet (worn)
 D - a +0 cloak (worn)
 H - the +3 robe of Leuzxaot (worn) {rPois}
   (You found it on level 7 of the Dungeon)

   It protects you from poison.
 L - a +0 buckler (worn)
Magical Staves
 S - an uncursed staff of fire (weapon)
Jewellery
 o - a ring of stealth (left hand)
 v - an amulet of the gourmand (around neck)
 C - a ring of see invisible (right hand)
 I - a +3 ring of intelligence {unknown}
 K - an uncursed ring of magical power {unknown}
 M - an uncursed ring of protection from magic {unknown}
Wands
 h - a wand of digging (22/24)
 s - a wand of iceblast (2/15)
 F - a wand of polymorph (11/24)
 J - a wand of paralysis (12/24)
 T - a wand of acid (6/15)
Scrolls
 d - 3 scrolls of remove curse
 m - 2 scrolls of amnesia
 n - 2 scrolls of magic mapping
 x - 2 scrolls of recharging
 y - 2 scrolls of blinking
 B - a scroll of acquirement {unknown}
 N - a scroll of immolation {unknown}
 R - a scroll of vulnerability {unknown}
Potions
 a - 3 potions of agility {unknown}
 e - 7 potions of curing
 j - 4 potions of resistance
 k - 8 potions of might
 q - a potion of cancellation {unknown}
 r - a potion of heal wounds {unknown}
 t - a potion of lignification {unknown}
 z - a potion of ambrosia {unknown}
 E - a potion of experience {unknown}
 G - 3 potions of flight
 O - a potion of magic {unknown}
Books
 b - a book of Callings

   Spells                             Type                      Level
   a - Summon Small Mammal            Summoning                    1
   b - Call Imp                       Summoning                    2
   c - Call Canine Familiar           Summoning                    3
   d - Summon Guardian Golem          Hexes/Summoning              3
   e - Summon Lightning Spire         Summoning/Air                4
   f - Summon Ice Beast               Ice/Summoning                4
Comestibles
 c - 3 bread rations
 g - 2 meat rations
 i - a slice of pizza
 l - 2 beef jerkies
 w - 11 royal jellies
 P - 2 fruits


   Skills:
 - Level 2.4 Dodging
 - Level 2.4 Stealth
 - Level 4.0 Shields
 + Level 13.8 Spellcasting
 + Level 12.4 Summonings


You had 19 spell levels left.
You knew the following spells:

 Your Spells              Type           Power        Failure   Level  Hunger
a - Summon Small Mammal   Summ           ####         1%          1    None
b - Call Imp              Summ           ######..     1%          2    None
c - Call Canine Familiar  Summ           ######..     1%          3    None
d - Summon Guardian Gole  Hex/Summ       #####...     1%          3    None
e - Summon Ice Beast      Ice/Summ       #####...     2%          4    None
f - Summon Lightning Spi  Summ/Air       #####...     2%          4    None


Dungeon Overview and Level Annotations

Branches:
Dungeon (10/15)            Temple (1/1) D:7            Lair (1/6) D:8
    Orc (0/2) D:9

Altars:
Ashenzari
Cheibriados
Dithmenos
Elyvilon
Fedhas
Gozag
Hepliaklqana
Kikubaaqudgha
Makhleb
Nemelex Xobeh
Okawaru
Pakellas
Qazlal
Ru
Sif Muna
Trog
Uskayaw
Vehumet
Xom
Yredelemnul
Zin
The Shining One

Shops:
D:4 [   D:7 !

Annotations:
D:9 Joseph


Message History

Found a stone staircase leading down.
There is a stone staircase leading down here.
Your shadow imp disappears in a puff of smoke!
All of the chunks of flesh in your inventory have rotted away.
You open the door.
A cyclops comes into view.
The cyclops shouts!
The cyclops throws a large rock.
The large rock hits you!
Found an arbalest.
Casting: Summon Guardian Golem
Confirm with . or Enter, or press ? or * to list all spells.
The cyclops throws a large rock.
The large rock hits you!!
Ouch! That really hurt!
* * * LOW HITPOINT WARNING * * *
Casting: Call Canine Familiar
Confirm with . or Enter, or press ? or * to list all spells.
Okay, then.
The cyclops throws a large rock.
The large rock hits you!!
Ouch! That really hurt!
You die...

##'## #.# #.# #.#
##.####### #.#
#........# #.#
##........# #.##
......###.#####..#
.....##≈≈≈≈≈≈≈≈≈.#
....##.≈##≈≈≈##≈.#
.......≈#######≈@#
....###≈≈#...#≈≈.#
..).###≈≈#).C'h..#
.......≈≈#...#≈≈##
##.....≈#### ##≈#
....).#≈# #≈#
#####.#≈≈≈ ≈≈# #
#.# ## ### #
#.########


You could see a cyclops and a friendly warg.

Vanquished Creatures
  A wolf (D:7)
  A jelly (D:7)
  2 adders
  An adder zombie (Ossuary)
  A dart slug (D:2)
  4 orcs
  2 goblins
  2 hobgoblins
  A jackal (D:5)
  A bat (D:1)
  A kobold (D:1)
  3 rats
20 creatures vanquished.

Vanquished Creatures (collateral kills)
  A rakshasa (D:9)
  The ghost of AlphabetPasta the Caller, a novice OpSu (D:6)
  A centaur skeleton (D:10)
  A spiny frog (Lair:1)
  A troll (D:8)
  Prince Ribbit (D:8)
  2 blink frogs (Lair:1)
  2 wyverns
  14 yaks
  Grum (D:8)
  3 hippogriffs
  A steam dragon (D:8)
  Edmund (D:5)
  A warg (D:9)
  6 orc warriors
  2 sky beasts
  2 ice beasts
  4 phantoms
  2 ogres
  5 centaurs
  5 wolves (D:8)
  A crocodile (Lair:1)
  An elf zombie (Ossuary)
  A gnoll sergeant (D:6)
  9 giant frogs
  4 scorpions
  2 water moccasin skeletons (D:10)
  12 wights
  4 killer bees (D:8)
  A vampire bat (Lair:1)
  An electric eel (D:8)
  5 crimson imps
  3 quasits
  2 centaur zombies
  A giant frog zombie (D:9)
  5 jellies
  5 orc priests
  3 giant frog skeletons
  7 hounds
  Crazy Yiuf (D:6)
  5 iguanas
  Natasha (thrice) (D:5)
  10 orc wizards
  7 worker ants
  A big kobold zombie (Ossuary)
  2 mummies (Ossuary)
  3 worker ant zombies
  Robin (D:4)
  16 gnolls
  12 adders
  5 river rats (Lair:1)
  A shadow imp (D:10)
  6 oozes
  3 adder zombies (Ossuary)
  2 adder skeletons
  2 worms
  3 dart slugs
  2 giant geckos
  41 orcs
  A ball python (D:1)
  5 giant cockroaches
  17 goblins
  5 hobgoblins
  10 jackals
  5 quokkas
  8 bats
  4 giant newts
  A goblin zombie (Ossuary)
  9 hobgoblin zombies (Ossuary)
  A jackal skeleton (D:7)
  2 jackal zombies (Ossuary)
  9 kobolds
  9 kobold zombies (Ossuary)
  9 orc zombies (Ossuary)
  5 rats
  A fungus (Lair:1)
351 creatures vanquished.

Grand Total: 371 creatures vanquished

Notes
Turn   | Place    | Note
--------------------------------------------------------------
     0 | D:1      | Magifyre the Deep Elf Summoner began the quest for the Orb.
     0 | D:1      | Reached XP level 1. HP: 10/10 MP: 6/6
   499 | D:1      | Reached XP level 2. HP: 7/15 MP: 1/8
   503 | D:1      | Learned a level 2 spell: Call Imp
  1303 | D:1      | Reached skill level 5 in Summonings
  1520 | D:2      | Reached skill level 4 in Spellcasting
  1565 | D:2      | Reached XP level 3. HP: 19/19 MP: 4/10
  2325 | D:3      | Learned a level 3 spell: Call Canine Familiar
  2329 | D:3      | Learned a level 3 spell: Summon Guardian Golem
  2336 | D:3      | Found a stormy altar of Qazlal.
  2633 | D:3      | Reached XP level 4. HP: 18/24 MP: 1/12
  2782 | D:3      | Found a sparkling altar of Nemelex Xobeh.
  3005 | D:4      | Reached skill level 5 in Spellcasting
  3048 | D:4      | Noticed Robin
  3081 | D:4      | Killed Robin
  3374 | D:4      | Learned a level 4 spell: Summon Ice Beast
  3537 | D:4      | Reached XP level 5. HP: 19/28 MP: 1/15
  3938 | D:4      | Found Mivaaz's Antique Armour Boutique.
  4106 | D:4      | Reached skill level 6 in Spellcasting
  4320 | D:5      | Entered Level 5 of the Dungeon
  4337 | D:5      | Found an oddly glowing altar of Pakellas.
  4342 | D:5      | Noticed Natasha
  4351 | D:5      | Killed Natasha
  4542 | D:5      | Noticed a sky beast
  4556 | D:5      | Reached XP level 6. HP: 32/32 MP: 2/17
  4571 | D:5      | Killed a sky beast
  4768 | D:5      | Noticed Natasha
  4776 | D:5      | Killed Natasha
  4855 | D:5      | Reached skill level 7 in Spellcasting
  4858 | D:5      | Noticed an ice beast
  4869 | D:5      | Noticed Natasha
  5016 | D:4      | Killed an ice beast
  5355 | D:5      | Killed Natasha
  5408 | D:5      | Found an ancient bone altar of Kikubaaqudgha.
  5488 | D:5      | Reached XP level 7. HP: 35/36 MP: 14/20
  5497 | D:5      | Learned a level 4 spell: Summon Lightning Spire
  5843 | D:5      | Noticed Edmund
  5855 | D:5      | Killed Edmund
  5855 | D:5      | Reached skill level 8 in Spellcasting
  6052 | D:6      | Noticed AlphabetPasta's ghost (novice OpSu)
  6061 | D:6      | Killed AlphabetPasta's ghost
  6352 | D:6      | Reached skill level 9 in Spellcasting
  6565 | D:6      | Reached XP level 8. HP: 41/41 MP: 7/23
  6731 | D:6      | Found a shattered altar of Ashenzari.
  7583 | D:6      | Noticed Crazy Yiuf
  7588 | D:6      | Killed Crazy Yiuf
  7838 | D:7      | Reached skill level 10 in Spellcasting
  7959 | D:7      | Found a staircase to the Ecumenical Temple.
  7962 | D:7      | Found Egietuw's Distillery.
  7964 | Temple   | Entered the Ecumenical Temple
  8309 | D:7      | Found a sand-covered staircase.
  8316 | Ossuary  | Entered an ossuary
  8883 | D:7      | Got a smoking robe
  8894 | D:7      | Identified the +3 robe of Leuzxaot {rPois} (You found it on level 7 of the Dungeon)
  9040 | D:8      | Noticed Grum
  9199 | D:8      | Found an iron altar of Okawaru.
  9632 | D:8      | Reached skill level 11 in Spellcasting
  9632 | D:8      | Reached skill level 10 in Summonings
  9720 | D:8      | Reached XP level 9. HP: 45/45 MP: 16/26
  9828 | D:8      | Noticed a troll
  9838 | D:8      | Killed a troll
  9893 | D:8      | Noticed Prince Ribbit
 10120 | D:8      | Killed Grum
 10169 | D:8      | Found a staircase to the Lair.
 10527 | D:8      | Found an opulent altar of Gozag.
 10528 | D:8      | Found a snail-covered altar of Cheibriados.
 10528 | D:8      | Found a white marble altar of Elyvilon.
 10532 | D:8      | Found a deep blue altar of Sif Muna.
 10533 | D:8      | Found a basalt altar of Yredelemnul.
 10537 | D:8      | Became a worshipper of Sif Muna the Loreminder
 10842 | D:8      | Killed Prince Ribbit
 10842 | D:8      | Reached skill level 12 in Spellcasting
 11178 | D:9      | Found a staircase to the Orcish Mines.
 11257 | D:9      | Noticed Joseph
 11789 | D:9      | Reached * piety under Sif Muna
 11858 | D:9      | Noticed a rakshasa
 12661 | D:8      | Reached skill level 1 in Shields
 12880 | Lair:1   | Entered Level 1 of the Lair of Beasts
 12995 | Lair:1   | Noticed a spiny frog
 13023 | Lair:1   | Killed a spiny frog
 13218 | Lair:1   | Noticed a spiny frog
 13229 | Lair:1   | Noticed a five-headed hydra
 13233 | Lair:1   | Reached XP level 10. HP: 38/50 MP: 1/28
 13639 | D:9      | Reached skill level 13 in Spellcasting
 13761 | D:9      | Killed a rakshasa
 13761 | D:9      | Reached ** piety under Sif Muna
 13766 | D:10     | Entered Level 10 of the Dungeon
 15630 | D:10     | Noticed a cyclops
 15634 | D:10     | Hit by a large rock thrown by a cyclops

Vault maps used:
D:1:      ncdulo_smallfort
D:2:      first_bread, corexii_item_surrounded_by_moat, corexii_shack
D:3:      marbit_many_paths, grunt_qazlal_sundering, uniq_natasha
D:4:      serial_shops, shop, uniq_robin
D:5:      kiku_gazebo_pond_becter, grunt_pakellas_mercury, uniq_edmund
D:6:      lemuel_round_altar, uniq_crazy_yiuf_cottage
D:7:      minmay_temple_entry_crystal_x, enter_ossuary_2, serial_shops, shop
D:8:      minitemple, erik_lair_island, hangedman_decor_lopped, uniq_grum,
          uniq_prince_ribbit1
D:9:      erik_orc_3, roderic_serpentine_path, uniq_joseph
D:10:     hangedman_little_slice_of_home, grunt_ministairs_8, lightli_minifort
Temple:   triangle_lava_temple_10
Lair:1:   grunt_forest_small_clearings, roderic_batcave, st_stairs_4,
          nicolae_quartered_pool_medium
Ossuary:  ossuary_tomb_1

Skill      XL: |  1  2  3  4  5  6  7  8  9 10 |
---------------+-------------------------------+-----
Summonings     | 5 6 7 8 10 11 12 | 12.4
Spellcasting   | 4 5 6 7 9 11 12 13 | 13.8
Shields        | 2 4 |  4.0
Dodging        | |  2.4
Stealth        | |  2.4

Action                   |  1- 3 |  4- 6 |  7- 9 | 10-12 || total
-------------------------+-------+-------+-------+-------++-------
Melee: Unarmed           |    13 |       |       |       ||    13
       Spear             |    61 |     4 |       |       ||    65
       Quarterstaff      |       |    19 |    32 |       ||    51
       Staff             |       |       |    20 |     1 ||    21
 Cast: Summon Small Mamm |   103 |    99 |    59 |     5 ||   266
       Call Imp          |    11 |    32 |   111 |    32 ||   186
       Call Canine Famil |     2 |    25 |    61 |    13 ||   101
       Summon Ice Beast  |       |       |   118 |    55 ||   173
       Summon Guardian G |       |       |     6 |     6 ||    12
       Summon Lightning  |       |       |     2 |     1 ||     3
Invok: Channel Energy    |       |       |     4 |    30 ||    34
  Use: Scroll            |     7 |     5 |     5 |     1 ||    18
       Potion            |       |     1 |       |       ||     1
 Stab: Distracted        |     1 |       |     2 |       ||     3
  Eat: Chunk             |     6 |    20 |    29 |    11 ||    66
Armor: Robe              |    15 |    19 |    42 |     9 ||    85
Dodge: Dodged            |    48 |    31 |    85 |     8 ||   172
Block: Buckler           |       |       |     5 |     3 ||     8
